 Dungeon Crawl Stone Soup version 0.28-a0-2-g643f2454ad (webtiles) character file.

Game seed: 15647776172575254473

186 Sweetruy1997 the Shield-Bearer (level 5, -2/46 HPs)
             Began as a Hill Orc Fighter on July 22, 2021.
             Was an Initiate of Beogh.
             Slain by a gnoll (8 damage)
             ... on level 4 of the Dungeon.
             The game lasted 00:05:04 (2738 turns).

Sweetruy1997 the Shield-Bearer (Hill Orc Fighter)   Turns: 2738, Time: 00:05:05

Health: -2/46      AC:  7    Str: 19    XL:     5   Next: 66%
Magic:  5/5        EV:  8    Int:  8    God:    Beogh [......]
Gold:   118        SH:  9    Dex: 11    Spells: 4/4 levels left

rFire   . . .      SeeInvis .   m - +2 whip (elec)
rCold   . . .      Faith    .   c - +0 kite shield
rNeg    . . .      Spirit   .   b - +0 scale mail
rPois   .          Reflect  .   (no helmet)
rElec   .          Harm     .   (no cloak)
rCorr   .          Rampage  .   (no gloves)
Will    .....                   (no boots)
Stlth   ..........              (no amulet)
HPRegen 0.15/turn               k - +4 ring of slaying
MPRegen 0.09/turn               (no ring)

@: mighty
A: no striking features
a: Renounce Religion


You were on level 4 of the Dungeon.
You worshipped Beogh.
Beogh was noncommittal.
You visited 1 branch of the dungeon, and saw 4 of its levels.

You collected 118 gold pieces.

Inventory:

Hand Weapons
 m - a +2 whip of electrocution (weapon)
Armour
 b - a +0 scale mail (worn)
 c - a +0 kite shield (worn)
 n - a +0 tower shield
Jewellery
 k - a +4 ring of slaying (left hand)
Wands
 j - a wand of flame (13)
Scrolls
 e - a scroll of identify {unknown}
 o - a scroll of summoning {unknown}
 p - a scroll of vulnerability {unknown}
 q - a scroll of silence {unknown}
Potions
 a - a potion of magic {unknown}
 f - a potion of attraction {unknown}
 g - a potion of ambrosia {unknown}
 h - a potion of heal wounds
 i - a potion of curing {unknown}
 l - a potion of degeneration {unknown}


   Skills:
 - Level 4.0 Fighting
 - Level 3.0(3.7) Axes
 + Level 2.6(3.1) Maces & Flails
 - Level 4.0 Armour
 + Level 1.8 Dodging
 + Level 0.8 Stealth
 + Level 4.2 Shields


You had 4 spell levels left.
You didn't know any spells.
Your spell library was empty.

Dungeon Overview and Level Annotations

Branches:
Dungeon (4/15)
 Temple: D:4-7

Altars:
Elyvilon
Kikubaaqudgha


Message History

The hound skeleton bites you but does no damage.
You whack the hound skeleton!
The hound skeleton is severely damaged.
The gnoll hits you from afar with a +0 spear.
The hound skeleton bites you but does no damage.
The gnoll hits you from afar with a +0 halberd.
You whack the hound skeleton!
You destroy the hound skeleton!
Beogh accepts your kill.
You block the gnoll's attack. x3; The gnoll barely misses you.
An endoplasm comes into view.
The endoplasm quivers.
The gnoll hits you with a +0 halberd.
* * * LOW HITPOINT WARNING * * *
The gnoll hits you with a +0 spear.
* * * LOW HITPOINT WARNING * * *
The endoplasm moves out of view.
You feel very mighty all of a sudden. The gnoll hits you with a +0 halberd.
* * * LOW HITPOINT WARNING * * *
You block the gnoll's attack.
It was a potion of heal wounds.
You feel much better. You block the hobgoblin's attack.
The gnoll hits you with a +0 halberd. The gnoll hits you with a +0 spear.
You whack the gnoll!
The gnoll is almost dead.
The hobgoblin hits you. The gnoll hits you with a +0 halberd!
* * * LOW HITPOINT WARNING * * *
The gnoll completely misses you.
You barely miss the gnoll.
The gnoll is almost dead.
You block the hobgoblin's attack. The gnoll hits you with a +0 halberd.
* * * LOW HITPOINT WARNING * * *
The gnoll misses you.
You whack the gnoll! Lightning courses through the gnoll!!
You kill the gnoll!
Beogh accepts your kill.
The hobgoblin hits you but does no damage.
The gnoll hits you with a +0 halberd!
You die...

.......<....###+###
......##............
#.##. #...........#
##.##..#....<...#
#.....#.......$#
#.##$.#.........
##.............o.
..........))g......
.........†)@)J.....
...........og......
...#.......#..#....
...#.......#### ...
............ ..
..?........
........... .#.....


You could see a gnoll, an endoplasm, a hobgoblin, a neutral orc priest
(wandering) and a neutral orc (wandering).

Vanquished Creatures
  Natasha (thrice) (D:3)
  A hound skeleton (D:4)
  3 gnolls (D:4)
  3 adders
  5 worms
  An orc (D:4)
  5 endoplasms
  A giant cockroach (D:2)
  4 hobgoblins
  3 kobolds
  A quokka (D:2)
  5 ball pythons
  2 bats
  5 frilled lizards
  4 goblins
  2 rats
48 creatures vanquished.

Vanquished Creatures (others)
  A quokka (D:4)
1 creature vanquished.

Grand Total: 49 creatures vanquished

Notes
Turn   | Place    | Note
-------+----------+-------------------------------------------
     0 | D:1      | Sweetruy1997 the Hill Orc Fighter began the quest for the
                  | Orb.
     0 | D:1      | Reached XP level 1. HP: 19/19 MP: 1/1
   497 | D:1      | Reached XP level 2. HP: 18/27 MP: 2/2
   631 | D:1      | Found a faded altar of an unknown god.
   970 | D:2      | Reached XP level 3. HP: 27/33 MP: 3/3
  1530 | D:2      | Found a white marble altar of Elyvilon.
  1873 | D:2      | Reached XP level 4. HP: 40/40 MP: 4/4
  1913 | D:3      | Noticed Natasha
  1915 | D:3      | Killed Natasha
  1916 | D:3      | Reached skill level 1 in Maces & Flails
  1916 | D:3      | Reached skill level 1 in Dodging
  1948 | D:3      | Noticed Natasha
  1955 | D:3      | Killed Natasha
  2191 | D:3      | Reached XP level 5. HP: 45/46 MP: 5/5
  2442 | D:3      | Found an ancient bone altar of Kikubaaqudgha.
  2519 | D:3      | Noticed Natasha
  2530 | D:3      | Killed Natasha
  2721 | D:4      | Became a worshipper of Beogh the Brigand
  2738 | D:4      | Slain by a gnoll

Illustrated notes

Levels and vault maps discovered:
D:1:      dpeg_arrival_simpleton_b, layout_loops_cross,
          hellmonk_ecumenical_altar_arch_garden, skrybe_limestone_x
D:2:      layout_basic, basic_altar, minmay_misc_feat_square,
          corexii_corridor_pit, grunt_decor_fettered,
          kennysheep_decorative_pillar
D:3:      layout_loops_cross, mainiacjoe_overflow_surrounded_room, uniq_natasha
D:4:      layout_cave_pools, mainiacjoe_overflow_24_doors, kennysheep_potato

Skill      XL: |  1  2  3  4  5 |
---------------+----------------+-----
Armour         | 4 |  4.0
Axes           | 3 |  3.0
Fighting       | 4 |  4.0
Shields        | 4 |  4.2
Maces & Flails | 1 2 |  2.6
Dodging        | 1 |  1.8
Stealth        | |  0.8

Action                   |  1- 3 |  4- 6 || total
-------------------------+-------+-------++-------
Melee: War axe           |    81 |       ||    81
       Whip              |    16 |    54 ||    70
Invok: Convert to Beogh  |       |     1 ||     1
  Use: Potion            |       |     2 ||     2
Armor: Scale mail        |    34 |    19 ||    53
Dodge: Dodged            |    20 |    17 ||    37
Block: Kite shield       |    52 |    23 ||    75

Table legend: (Time is in decaauts)
 A = Elapsed time spent in this place.
 B = Non-inter-level travel time spent in this place.
 C = Inter-level travel time spent in this place.
 D = Time resting spent in this place.
 E = Time spent auto-exploring this place.
 F = Levels seen in this place.
 G = Mean time per level.
                   A        B        C        D        E       F      G
               +--------+--------+--------+--------+--------+-----+--------+
         Total |   2800 |   2711 |     89 |    460 |   1893 |   4 |  700.0 |
       Dungeon |   2800 |   2711 |     89 |    460 |   1893 |   4 |  700.0 |
               +--------+--------+--------+--------+--------+-----+--------+

Top non-repeatable levels by time:
     D:2: 1047 daAuts
     D:1: 918 daAuts
     D:3: 797 daAuts
     D:4: 37 daAuts
